 Dungeon Crawl Stone Soup version 0.31.0-32-g396128a36d (webtiles) character file.

Game seed: 12235294205281577807

42343 PaiMei the Black Sun (level 13, -1/106 HPs)
             Began as a Demonspawn Necromancer on Apr 12, 2024.
             Was a High Priest of Kikubaaqudgha.
             Slain by a nine-headed hydra (13 damage)
             ... on level 5 of the Lair of Beasts.
             The game lasted 00:36:35 (27076 turns).

PaiMei the Black Sun (Demonspawn Necromancer)      Turns: 27076, Time: 00:36:36

Health: -1/106     AC: 11    Str: 10    XL:     13   Next: 84%
Magic:  17/28      EV: 22    Int: 20    God:    Kikubaaqudgha [*****.]
Gold:   882        SH:  0    Dex: 13    Spells: 18/35 levels left

rFire   . . .        R - +3 war axe (elec)
rCold   . . .        (no shield)
rNeg    . . .        G - +3 ring mail {rPois}
rPois   +            (helmet unavailable)
rElec   .            g - +0 cloak
rCorr   .            (no gloves)
SInv    +            v - +0 pair of boots
Will    .....        (no amulet)
Stlth   ++           B - +5 ring of evasion
HPRegen 0.37/turn    J - ring of wizardry
MPRegen 0.21/turn

%: wizardry (x1)
@: animating dead
A: antennae 3, foul stench 2, spiny 1, sturdy frame 2
a: Renounce Religion, Unearth Wretches, Torment


You were on level 5 of the Lair of Beasts.
You worshipped Kikubaaqudgha.
Kikubaaqudgha was extremely pleased with you.
You visited 3 branches of the dungeon, and saw 16 of its levels.

You collected 882 gold pieces.

Inventory:

Hand Weapons
 C - a +2 spear of pain
 F - a +2 flail of protection
 Q - a +2 trident of venom
 R - a +3 war axe of electrocution (weapon)
Missiles
 m - 4 throwing nets
 w - 50 poisoned darts
 H - 5 atropa-tipped darts
 L - 5 curare-tipped darts
Armour
 g - a +0 cloak (worn)
 l - a +1 leather armour of cold resistance
 u - the +5 ring mail "Qilofut" {rC+}
   (You took it off an orc on level 9 of the Dungeon)

   rC+:       It protects you from cold.
 v - a +0 pair of boots (worn)
 G - a +3 ring mail of poison resistance (worn)
Jewellery
 e - the ring "Otzoicas" {*Corrode rPois Str+7 SInv}
   (You found it on level 2 of the Lair of Beasts)

   [ring of see invisible]

   Str+7:     It affects your strength (+7).
   rPois:     It protects you from poison SInv: It lets you see invisible.
   *Corrode:  It may corrode you when you take damage.
 B - a +5 ring of evasion (left hand)
 J - a ring of wizardry (right hand)
 U - a ring of resist corrosion
 W - an amulet of guardian spirit
Wands
 E - a wand of paralysis (9)
 K - a wand of acid (18)
 M - a wand of digging (5)
Scrolls
 a - 6 scrolls of enchant weapon
 d - 7 scrolls of teleportation
 h - 4 scrolls of enchant armour
 i - 4 scrolls of brand weapon
 j - 4 scrolls of torment
 n - 2 scrolls of blinking {unknown}
 o - 4 scrolls of fog
 p - 4 scrolls of amnesia
 r - 3 scrolls of fear {unknown}
 s - a scroll of butterflies {unknown}
 t - 3 scrolls of immolation {unknown}
 y - 5 scrolls of silence
 A - a scroll of acquirement {unknown}
 N - 3 scrolls of poison {unknown}
 P - 2 scrolls of vulnerability {unknown}
 T - 2 scrolls of revelation {unknown}
Potions
 b - 3 potions of magic
 c - 7 potions of curing
 f - 2 potions of haste {unknown}
 k - a potion of enlightenment {unknown}
 q - a potion of cancellation {unknown}
 x - a potion of ambrosia {unknown}
 z - a potion of heal wounds {unknown}
 D - 3 potions of brilliance
 I - a potion of attraction {unknown}
 O - a potion of berserk rage {unknown}
 S - 2 potions of degeneration {unknown}
 V - a potion of lignification {unknown}
 X - a potion of mutation {unknown}


   Skills:
 - Level 11.1 Fighting
 + Level 4.7 Armour
 + Level 11.5 Dodging
 - Level 2.0 Stealth
 + Level 11.5 Spellcasting
 + Level 14.0 Necromancy


You had 18 spell levels left.
You knew the following spells:

 Your Spells              Type           Power      Damage    Failure   Level
a - Necrotise             Necr           100%       1d9       0%          1
b - Vampiric Draining     Necr           61%        2d10      1%          3
c - Animate Dead          Necr           61%        N/A       1%          4
d - Curse of Agony        Necr           61%        N/A       1%          5
e - Dispel Undead         Necr           61%        3d21      1%          4

Your spell library contained the following spells:

 Spells                   Type           Power      Damage    Failure   Level
 Cigotuvi's Dreadful Rot  Necr/Alch/Air  60%        N/A       1%          2
 Sublimation of Blood     Necr           61%        N/A       1%          2
 Fugue of the Fallen      Necr           61%        N/A       1%          3
 Martyr's Knell           Necr/Summ      39%        N/A       1%          4
 Death Channel            Necr           30%        N/A       1%          6
 Apportation              Tloc           22%        N/A       2%          1
 Sting                    Conj/Alch      44%        1d5       2%          1
 Summon Small Mammal      Summ           44%        N/A       2%          1
 Jinxbite                 Hex            22%        N/A       4%          2
 Static Discharge         Conj/Air       22%        3-4/arc   4%          2
 Borgnjor's Vile Clutch   Necr/Erth      19%        N/A       4%          5
 Ozocubu's Armour         Ice            11%        N/A       9%          3
 Tukima's Dance           Hex            11%        N/A       9%          3
 Volatile Blastmotes      Fire/Tloc      22%        2d11      9%          3
 Animate Armour           Summ/Erth      22%        N/A       26%         4
 Dimensional Bullseye     Hex/Tloc       5%         N/A       26%         4
 Fulminant Prism          Conj/Alch      5%         3d7       26%         4
 Iskenderun's Mystic Bla  Conj/Tloc      11%        2d4       26%         4
 Manifold Assault         Tloc           11%        N/A       26%         4
 Olgreb's Toxic Radiance  Alch           11%        N/A       26%         4
 Summon Lightning Spire   Summ/Air       11%        N/A       26%         4
 Alistair's Intoxication  Alch           7%         N/A       56%         5
 Lee's Rapid Deconstruct  Erth           5%         3d6*      56%         5
 Yara's Violent Unravell  Hex/Alch       5%         3d4       56%         5
 Enfeeble                 Hex            5%         N/A       100%        7


Dungeon Overview and Level Annotations

Branches:
Dungeon (10/15)            Temple (1/1) D:4            Lair (5/5) D:8
 Shoals (0/4) Lair:3        Snake (0/4) Lair:3
  Slime: Lair:4-5       Orc: D:9-12

Altars:
Ashenzari
Cheibriados
Dithmenos
Fedhas
Gozag
Hepliaklqana
Kikubaaqudgha
Makhleb
Nemelex Xobeh
Okawaru
Qazlal
Ru
Sif Muna
Trog
Uskayaw
Vehumet
Wu Jian
Xom
Yredelemnul

Shops:
D:3 [   D:10 !

Annotations:
D:3 2 runed translucent doors, Seabass1289's ghost, amateur TeCj
Lair:4 exclusion: 6 oklob plants


Innate Abilities, Weirdness & Mutations

You have a pair of large antennae on your head. (SInv)
You sometimes emit foul miasma when damaged in melee.
You are partially covered in sharp spines.
Your movements are less encumbered by armour. (ER -4)


Message History

The eight-headed hydra is engulfed in dark miasma.
The eight-headed hydra completely misses you.
The eight-headed hydra closely misses you. x2
The eight-headed hydra bites you!
The eight-headed hydra barely misses you.
The eight-headed hydra misses you. The eight-headed hydra bites you.
The eight-headed hydra closely misses you.
You lop one of the eight-headed hydra's heads off!
The seven-headed hydra grows two more!
You slash the nine-headed hydra!
The nine-headed hydra is severely wounded.
The boggart casts a spell.
The boggart blinks!
The nine-headed hydra is engulfed in dark miasma.
The nine-headed hydra looks even sicker.
The nine-headed hydra seems to slow down.
The nine-headed hydra is struck by your spines.
The nine-headed hydra bites you. The nine-headed hydra misses you. x2
The nine-headed hydra bites you. The nine-headed hydra bites you!
* * * LOW HITPOINT WARNING * * *
The nine-headed hydra bites you!
* * * LOW HITPOINT WARNING * * *
The nine-headed hydra closely misses you.
The nine-headed hydra misses you.
The nine-headed hydra bites you but does no damage.
Casting: Curse of Agony (mildly dangerous; 1% risk of failure)
Confirm with . or Enter, or press ? or * to list all spells.
Aiming: Vampiric Draining (safe; 1% risk of failure)
Press: ? - help, Shift-Dir - straight line, f/p - nine-headed hydra
Aim: a nine-headed hydra (foul pestilence, severely wounded, very poisoned, slow)
You draw life force from the nine-headed hydra.
You feel life coursing into your body.
The nine-headed hydra is no longer moving slowly.
The wolf stops to sniff the ground.
The nine-headed hydra is engulfed in dark miasma.
The nine-headed hydra bites you.
* * * LOW HITPOINT WARNING * * *
The nine-headed hydra completely misses you.
The nine-headed hydra bites you!
You die...
Kikubaaqudgha rasps: "You have failed me!
Welcome... death!"

....P.#....#...##.#..#.
.......................
.......................
...................♣.Z
♣.............♣♣♣♣♣♣
♣♣.......♣♣♣♣♣
♣#.#.##♣♣ $, ♣♣♣D#♣♣ ..
♣.♣♣♣♣♣♣♣°@Z.♣ .g
....ShShh♣♣♣♣♣ {
.....Sh♣♣♣ ..♣..g.
♣♣♣♣. ♣. ♣♣ { ♣ ..♣
....


You could see a nine-headed hydra (very poisoned), a polar bear (ally target), a
black mamba (summoned), 2 water moccasins, 3 wolves, a boggart (invisible) and a
friendly wolf zombie.

Vanquished Creatures
  Fannar (Lair:3)
  3 hydras
  3 death yaks (Lair:4)
  A boulder beetle (Lair:1)
  2 two-headed ogres
  A fire crab (Lair:5)
  A skyshark (Lair:3)
  An ugly thing (D:9)
  16 elephants
  2 black mambas
  A merfolk siren (Lair:3)
  8 cane toads
  3 komodo dragons
  6 polar bears (Lair:5)
  2 hornets
  Prince Ribbit (Lair:2)
  3 merfolk (Lair:3)
  7 blink frogs
  6 dream sheep
  A slime creature (D:10)
  Sigmund (D:3)
  3 spriggans
  A vampire (D:10)
  2 shadows
  27 yaks
  A wyvern (Lair:3)
  3 basilisks
  2 steam dragons
  3 nagas (Lair:3)
  Edmund (D:5)
  An acid dragon (D:9)
  18 water moccasins
  4 orc warriors
  A sky beast (D:6)
  A black bear (Lair:5)
  16 wolves
  2 ogres
  A boggart (Lair:5)
  4 centaurs
  2 phantoms
  5 kobold brigands
  A gnoll sergeant (D:5)
  12 bullfrogs
  A scorpion (D:6)
  3 wights (D:7)
  14 killer bees
  2 howler monkeys
  3 electric eels (Lair:2)
  2 bombardier beetles
  4 jellies
  4 orc priests
  A gnoll bouda (D:4)
  3 iguanas
  4 orc wizards
  4 hell rats (Lair:5)
  9 gnolls
  7 adders
  A shadow imp (D:6)
  4 white imps
  3 ufetubi
  A dart slug (D:1)
  22 orcs
  6 ball pythons
  9 bats
  20 endoplasms
  4 giant cockroaches
  3 hobgoblins
  3 jackals (D:1)
  2 quokkas
  2 frilled lizards
  4 goblins
  30 kobolds
  4 rats
360 creatures vanquished.

Vanquished Creatures (collateral kills)
  Snorg (Lair:3)
  A hydra (Lair:5)
  An alligator (Lair:5)
  A boulder beetle (Lair:5)
  A centaur warrior (D:9)
  A death yak (Lair:5)
  2 skysharks (Lair:5)
  A cane toad (Lair:4)
  3 elephants
  A blink frog (Lair:2)
  A spriggan (Lair:5)
  2 yaks (Lair:1)
  2 water moccasins (Lair:1)
  A black bear (Lair:5)
  A wolf (Lair:1)
  2 bullfrogs
  2 orcs
  A goblin (D:2)
  A frilled lizard (D:2)
  2 kobolds (D:1)
28 creatures vanquished.

Vanquished Creatures (others)
  A death yak zombie (Lair:5)
  A hydra zombie (Lair:5)
  2 cane toad zombies
  5 elephant zombies
  4 water moccasin zombies
  A polar bear zombie (Lair:5)
  4 yak zombies
  A black bear zombie (Lair:5)
  A basilisk zombie (Lair:4)
  A white imp (D:7)
  2 orcs (D:7)
23 creatures vanquished.

Grand Total: 411 creatures vanquished

Notes
Turn   | Place    | Note
-------+----------+-------------------------------------------
     0 | D:1      | PaiMei the Demonspawn Necromancer began the quest for the
                  | Orb.
     0 | D:1      | Reached XP level 1. HP: 13/13 MP: 3/3
   153 | D:1      | Gained mutation: You may rarely emit foul miasma when
                  | damaged in melee. [demonic ancestry]
   153 | D:1      | Reached XP level 2. HP: 19/19 MP: 1/5
   767 | D:2      | Reached skill level 1 in Fighting
   767 | D:2      | Gained mutation: You have a pair of small antennae on your
                  | head. [demonic ancestry]
   767 | D:2      | Reached XP level 3. HP: 26/26 MP: 1/6
  1133 | D:2      | Reached XP level 4. HP: 13/32 MP: 0/7
  1747 | D:2      | Reached skill level 5 in Necromancy
  2152 | D:3      | Noticed Sigmund
  2166 | D:3      | Found an ornate altar of the Wu Jian Council.
  2231 | D:3      | Found an iron altar of Okawaru.
  2356 | D:3      | Killed Sigmund
  2357 | D:3      | Gained mutation: You have a pair of antennae on your head.
                  | [demonic ancestry]
  2357 | D:3      | Reached XP level 5. HP: 6/39 MP: 2/10
  2617 | D:3      | Found Pitunk's Antique Armour Emporium.
  2657 | D:3      | Reached XP level 6. HP: 44/46 MP: 5/11
  2892 | D:3      | Found a runed translucent door.
  3018 | D:3      | Found a runed translucent door.
  3020 | D:3      | Noticed Seabass1289's ghost (amateur TeCj)
  3412 | D:3      | Learned a level 3 spell: Vampiric Draining
  3417 | D:3      | Learned a level 4 spell: Animate Dead
  4000 | D:4      | Found an opulent altar of Gozag.
  4030 | D:4      | Found a staircase to the Ecumenical Temple.
  4040 | Temple   | Entered the Ecumenical Temple
  4045 | Temple   | Became a worshipper of Kikubaaqudgha
  4145 | D:5      | Entered Level 5 of the Dungeon
  4585 | D:4      | Reached skill level 6 in Necromancy
  4880 | D:5      | Gained mutation: You sometimes emit foul miasma when
                  | damaged in melee. [demonic ancestry]
  4880 | D:5      | Reached XP level 7. HP: 44/52 MP: 12/12
  5745 | D:5      | Noticed Edmund
  5788 | D:5      | Killed Edmund
  6408 | D:6      | Gained mutation: Your movements are slightly less
                  | encumbered by armour. (ER -2) [demonic ancestry]
  6408 | D:6      | Reached XP level 8. HP: 50/60 MP: 3/14
  6585 | D:6      | Found a sparkling altar of Nemelex Xobeh.
  6741 | D:6      | Reached skill level 7 in Necromancy
  6818 | D:6      | Found a stormy altar of Qazlal.
  6888 | D:6      | Found a broken altar of Ashenzari.
  6936 | D:6      | Reached skill level 5 in Spellcasting
  7141 | D:7      | Reached * piety under Kikubaaqudgha
  7141 | D:7      | Received a gift from Kikubaaqudgha
  7279 | D:7      | Learned a level 4 spell: Dispel Undead
  7419 | D:7      | Reached skill level 5 in Dodging
  7511 | D:7      | Reached skill level 5 in Fighting
  8425 | D:7      | Gained mutation: You are partially covered in sharp spines.
                  | [demonic ancestry]
  8425 | D:7      | Reached XP level 9. HP: 15/68 MP: 2/17
  8847 | D:7      | Reached skill level 8 in Necromancy
  9195 | D:8      | Found a staircase to the Lair.
  9219 | D:8      | Reached ** piety under Kikubaaqudgha
 10393 | D:9      | Found a hide-covered altar of Uskayaw.
 10468 | D:8      | Reached skill level 9 in Necromancy
 11320 | D:9      | Reached XP level 10. HP: 79/79 MP: 10/20
 11780 | D:9      | Identified the +5 ring mail "Qilofut" {rC+}
 12145 | D:9      | Noticed a brown ugly thing
 12272 | D:9      | Learned a level 5 spell: Curse of Agony
 12492 | D:9      | Found a shadowy altar of Dithmenos.
 12492 | D:9      | Noticed a two-headed ogre
 12505 | D:9      | Killed a two-headed ogre
 12553 | D:9      | Found a blossoming altar of Fedhas.
 12604 | D:9      | Noticed a centaur warrior
 12611 | D:9      | Killed a centaur warrior
 12615 | D:9      | Killed a brown ugly thing
 13068 | D:10     | Entered Level 10 of the Dungeon
 13068 | D:10     | Found Foysuphe's Distillery.
 13095 | D:10     | Reached *** piety under Kikubaaqudgha
 13095 | D:10     | Received a gift from Kikubaaqudgha
 13294 | D:10     | Reached skill level 10 in Necromancy
 13307 | D:10     | Noticed a two-headed ogre
 13315 | D:10     | Killed a two-headed ogre
 13921 | D:10     | Gained mutation: Your movements are less encumbered by
                  | armour. (ER -4) [demonic ancestry]
 13921 | D:10     | Reached XP level 11. HP: 87/87 MP: 9/23
 14098 | D:10     | Got the Excursus on Scintillating Transmogrification
 14881 | Lair:1   | Entered Level 1 of the Lair of Beasts
 15607 | Lair:1   | Noticed a boulder beetle
 15636 | Lair:1   | Killed a boulder beetle
 15637 | Lair:1   | Reached skill level 11 in Necromancy
 17554 | Lair:1   | Reached **** piety under Kikubaaqudgha
 17773 | Lair:2   | Reached XP level 12. HP: 95/97 MP: 1/25
 17870 | Lair:2   | Noticed a six-headed hydra
 18000 | Lair:2   | Killed a six-headed hydra
 18003 | Lair:2   | Reached skill level 10 in Fighting
 18325 | Lair:2   | Identified the +1 dagger "Daseusch" {spect, +Blink rC+}
 18509 | Lair:2   | Identified the ring "Otzoicas" {*Corrode rPois Str+7 SInv}
 18532 | Lair:2   | Noticed Prince Ribbit
 18549 | Lair:2   | Killed Prince Ribbit
 19699 | Lair:3   | Reached skill level 12 in Necromancy
 19863 | Lair:3   | Found a staircase to the Shoals.
 20386 | Lair:3   | Reached skill level 10 in Spellcasting
 20392 | Lair:3   | Reached skill level 10 in Dodging
 21230 | Lair:3   | Found a staircase to the Snake Pit.
 21230 | Lair:3   | Noticed Snorg
 21469 | Lair:3   | Noticed Fannar
 21481 | Lair:3   | Killed Fannar
 21553 | Lair:3   | HP: 3/99 [Snorg (9)]
 21554 | Lair:3   | Killed Snorg
 22488 | Lair:4   | Noticed a five-headed hydra
 22495 | Lair:4   | Killed a five-headed hydra
 22635 | Lair:4   | Reached skill level 1 in Armour
 22710 | Lair:4   | Gained mutation: You have a pair of large antennae on your
                  | head. (SInv) [demonic ancestry]
 22710 | Lair:4   | Reached XP level 13. HP: 105/106 MP: 14/27
 22712 | Lair:4   | Reached skill level 13 in Necromancy
 23174 | Lair:4   | Reached ***** piety under Kikubaaqudgha
 23794 | Lair:5   | Entered Level 5 of the Lair of Beasts
 26872 | Lair:5   | Reached skill level 14 in Necromancy
 27076 | Lair:5   | Slain by a nine-headed hydra

Illustrated notes

Levels and vault maps discovered:
D:1:      dpeg_arrival_court, layout_rooms
D:2:      layout_loops_ring, kennysheep_generic_room_11
D:3:      layout_loops_corners, mainiacjoe_overflow_chevrons,
          mainiacjoe_overflow_paths, ebering_ghost_sewer_f, serial_shops,
          nicolae_shop_overgrown_old_shop, uniq_sigmund
D:4:      layout_rooms, mainiacjoe_overflow_surrounded_room,
          minmay_temple_entry_water_ring
D:5:      layout_gridville, st_stairs_3, lightli_minifort, uniq_edmund
D:6:      layout_rooms, nemelex_diamond_rough_becter,
          mainiacjoe_overflow_big_doors
D:7:      layout_rooms
D:8:      layout_gridville, dpeg_oklobed_lair
D:9:      layout_basic, nicolae_uskayaw_murder_on_the_dancefloor,
          jmf_multi_god_temple2, minmay_radiant
D:10:     lemuel_slime, layout_loops_corners, serial_shops,
          nicolae_shop_temple_entry_statues_fountains
Temple:   nicolae_temple_bog_church
Lair:1:   layout_cave_pods, beast_lair_carwin_9, grunt_megastairs_5,
          lemuel_fruit_tree
Lair:2:   layout_small_grid, serial_bayou, serial_bayou_crossing,
          serial_bayou_pond_b, serial_bayou_pond_d, serial_bayou_pond_c,
          serial_bayou_ford_a, serial_bayou_pond_e, enter_volcano_1,
          minivault_25, uniq_prince_ribbit2
Lair:3:   layout_loops_ring, elwin_shoals_entry_stream,
          minmay_snake_entry_guardpost_small, chequers_serial_rivers_room_b,
          infiniplex_staircase_pool_2, uniq_fannar, uniq_snorg
Lair:4:   layout_hall_layers, dpeg_oklob_1, infiniplex_staircase_pool,
          grunt_megastairs_1
Lair:5:   minmay_lair_end_enchanted_forest, layout_long_grid,
          dpeg_slime_entry_corner, portal_ice_cave_entry_pillars_2,
          grunt_megastairs_4

Skill      XL: |  1  2  3  4  5  6  7  8  9 10 11 12 13 |
---------------+----------------------------------------+-----
Dodging        | 2 3 4 5 6 8 9 10 11 | 11.5
Stealth        | 2 |  2.0
Fighting       | 1 2 3 4 5 7 8 9 11 | 11.1
Necromancy     | 5 6 7 9 10 11 12 14 | 14.0
Spellcasting   | 3 4 5 6 8 9 10 11 | 11.5
Armour         | 1 4 |  4.7

Action                     |  1- 3 |  4- 6 |  7- 9 | 10-12 | 13-15 || total
---------------------------+-------+-------+-------+-------+-------++-------
  Melee: Dagger            |     7 |    61 |       |       |       ||    68
         Punch             |       |     3 |     2 |     5 |     2 ||    12
         Spear             |       |       |   175 |   224 |   130 ||   529
         Flail             |       |       |    28 |       |    10 ||    38
         War axe           |       |       |       |       |    42 ||    42
   Cast: Necrotise         |    52 |   101 |   103 |    94 |    26 ||   376
         Vampiric Draining |       |     4 |    66 |   150 |    52 ||   272
         Dispel Undead     |       |       |       |     5 |       ||     5
         Curse of Agony    |       |       |       |    25 |    29 ||    54
         Animate Dead      |       |       |       |     8 |     6 ||    14
    Use: Scroll            |       |       |     2 |     9 |     2 ||    13
   Stab: Distracted        |     1 |       |       |     1 |       ||     2
 Armour: Robe              |    13 |       |       |       |       ||    13
         Leather armour    |     6 |    72 |    29 |       |       ||   107
         Ring mail         |       |       |   171 |   290 |   182 ||   643
  Dodge: Dodged            |    31 |    51 |   344 |   461 |   334 ||  1221
